 Dungeon Sprint DCSS version 0.22.1-2-g9c5b331 (webtiles) character file.

147 diana the Cleaver (level 5, -7/50 HPs)
             Began as a Minotaur Gladiator on Dec 14, 2018.
             Was an Elder of Cheibriados.
             Killed from afar by a deep elf mage (24 damage)
             ... with a shard of ice
             ... in the Dungeon (Sprint VII: "The Pits").
             The game lasted 00:01:23 (186 turns).

diana the Cleaver (Minotaur Gladiator)               Turns: 186, Time: 00:01:23

Health: -7/50      AC: 14    Str: 29    XL:     5   Next: 7%
Magic:  4/4        EV: 12    Int: 15    God:    Cheibriados [****..]
Gold:   0          SH:  0    Dex: 22    Spells: 4/4 levels left

rFire    . . .     SeeInvis .   l - +2 hand axe
rCold    . . .     Gourm    .   (no shield)
rNeg     . . .     Faith    .   q - +2 plate armour
rPois    .         Spirit   .   c - +0 hat
rElec    .         Reflect  .   (no cloak)
rCorr    .         Harm     .   (no gloves)
MR       .....     NoTele   +   (no boots)
Stlth    ..........             (no amulet)
HPRegen  0.16/turn              (no ring)
MPRegen  0.09/turn              (no ring)

@: very slow
A: retaliatory headbutt, horns 2
a: Bend Time, Temporal Distortion, Slouch, Renounce Religion


You were in the Dungeon.
You worshipped Cheibriados.
Cheibriados was greatly pleased with you.
You were not hungry.

You visited 1 branch

Inventory:

Hand Weapons
 a - a +0 war axe
 l - a +2 hand axe (weapon)
Missiles
 d - 3 throwing nets (quivered)
Armour
 b - a +0 leather armour
 c - a +0 hat (worn)
 q - a +2 plate armour (worn)
Scrolls
 k - a scroll of blinking
 n - 3 scrolls of remove curse
 o - 5 scrolls of amnesia
 p - a scroll of summoning
Potions
 e - 6 potions of curing
 g - 6 potions of heal wounds
 h - a potion of haste
 i - 4 potions of magic
 j - 3 potions of berserk rage
 m - 2 potions of invisibility
Comestibles
 f - 9 rations


   Skills:
 + Level 5.9 Fighting
 * Level 8.5 Axes
 - Level 2.0 Throwing
 + Level 5.2 Armour
 + Level 5.9 Dodging


You had 4 spell levels left.
You didn't know any spells.
Your spell library was empty.

Dungeon Overview and Level Annotations

Branches:
Dungeon (1/1)

Altars:
Ashenzari
Cheibriados
Dithmenos
Elyvilon
Fedhas
Gozag
Hepliaklqana
Kikubaaqudgha
Makhleb
Nemelex Xobeh
Okawaru
Qazlal
Ru
Sif Muna
Trog
Uskayaw
Vehumet
Wu Jian
Xom
Yredelemnul
Zin
The Shining One
Beogh
Jiyva
Lugonu


Innate Abilities, Weirdness & Mutations

You reflexively headbutt those who attack you in melee.
You have a pair of horns on your head.


Message History

The deep elf mage is severely wounded.
You hit the black bear.
You kill the black bear!
Cheibriados thoroughly appreciates the change of pace.
Cheibriados raises the support of your attributes as your movement slows.
Your Fighting skill increases to level 5!
Your Axes skill gained 2 levels and is now at level 8!
Your Armour skill gained 2 levels and is now at level 5!
Your Dodging skill increases to level 5!
You have reached level 4!
You feel agile.
You have reached level 5!
The deep elf mage points at you and mumbles some strange words.
The bolt of cold hits you!
You miss the deep elf mage. Your headbutt misses the deep elf mage.
The deep elf mage is severely wounded.
You hit the adder zombie.
The deep elf mage points at you and mumbles some strange words.
The shard of ice hits you!
You die...

#.#))#.....##.....
#.#))#.....##.....
#.#.[###'####.....
#.##'#.....##...<.
#.#........##.....
#.#........##.....
#†###########.....
#.g.....# ######
#@e#.#..# #Z## #
#Y. #.## #.. #..
###


You could see a deep elf mage, an ice beast, a gnoll and an adder zombie.

Vanquished Creatures
  A black bear (D)
  A crimson imp (D)
  A river rat (D)
  2 oozes (D)
  A leopard gecko (D)
  A bat (D)
  2 jackals (D)
  A quokka (D)
  A ball python (D)
  A jackal zombie (D)
  A rat (D)
13 creatures vanquished.

Notes
Turn   | Place    | Note
-------+----------+-------------------------------------------
     0 | D        | diana the Minotaur Gladiator began the quest for the Orb.
     0 | D        | Reached XP level 1. HP: 18/18 MP: 0/0
    10 | D        | Reached skill level 4 in Axes
    39 | D        | Found a glowing golden altar of the Shining One.
    39 | D        | Found a glowing silver altar of Zin.
    39 | D        | Found a basalt altar of Yredelemnul.
    39 | D        | Found a shimmering altar of Xom.
    39 | D        | Found an ornate altar of the Wu Jian Council.
    39 | D        | Found a bloodstained altar of Trog.
    39 | D        | Found a deep blue altar of Sif Muna.
    39 | D        | Found a sacrificial altar of Ru.
    39 | D        | Found a stormy altar of Qazlal.
    39 | D        | Found an iron altar of Okawaru.
    39 | D        | Found a sparkling altar of Nemelex Xobeh.
    39 | D        | Found a burning altar of Makhleb.
    39 | D        | Found a viscous altar of Jiyva.
    39 | D        | Found a hazy altar of Hepliaklqana.
    39 | D        | Found an opulent altar of Gozag.
    39 | D        | Found a blossoming altar of Fedhas.
    39 | D        | Found a white marble altar of Elyvilon.
    39 | D        | Found a shadowy altar of Dithmenos.
    39 | D        | Found a snail-covered altar of Cheibriados.
    40 | D        | Found a radiant altar of Vehumet.
    40 | D        | Found a corrupted altar of Lugonu.
    40 | D        | Found a roughly hewn altar of Beogh.
    41 | D        | Found an ancient bone altar of Kikubaaqudgha.
    41 | D        | Found a hide-covered altar of Uskayaw.
    41 | D        | Found a shattered altar of Ashenzari.
    47 | D        | Became a worshipper of Cheibriados the Contemplative
    68 | D        | Reached skill level 1 in Armour
    71 | D        | Reached * piety under Cheibriados
    99 | D        | Reached ** piety under Cheibriados
    99 | D        | Reached XP level 2. HP: 26/26 MP: 1/1
   104 | D        | Reached skill level 5 in Axes
   109 | D        | Noticed a crimson imp
   111 | D        | Reached *** piety under Cheibriados
   115 | D        | Killed a crimson imp
   115 | D        | Reached skill level 6 in Axes
   115 | D        | Reached XP level 3. HP: 26/34 MP: 2/2
   176 | D        | Noticed a black bear
   178 | D        | Noticed a deep elf mage
   179 | D        | Reached **** piety under Cheibriados
   181 | D        | Noticed an ice beast
   185 | D        | Killed a black bear
   185 | D        | Reached skill level 5 in Fighting
   185 | D        | Reached skill level 8 in Axes
   185 | D        | Reached skill level 5 in Armour
   185 | D        | Reached skill level 5 in Dodging
   185 | D        | Reached XP level 4. HP: 32/44 MP: 3/3
   185 | D        | Reached XP level 5. HP: 37/50 MP: 4/4
   186 | D        | Killed from afar by a deep elf mage

Skill      XL: |  1  2  3 |
---------------+----------+-----
Axes           | 4 6 8 |  8.5
Armour         | 1 3 5 |  5.2
Fighting       | 3 4 5 |  5.9
Dodging        | 4 5 |  5.9
Throwing       | |  2.0

Action                   |  1- 3 |  4- 6 || total
-------------------------+-------+-------++-------
Melee: War axe           |    19 |       ||    19
       Headbutt          |     4 |       ||     4
       Hand axe          |     7 |     1 ||     8
Armor: Leather armour    |     5 |       ||     5
       Plate armour      |    13 |       ||    13
Dodge: Dodged            |    27 |       ||    27
